AoeStats
← Dicens

Arabia

509540962Analyzed
1v1 RM · 4d ago on Sep 27, 2026· 33m 58s· 2 players
Game mode
Random Map
Map size
Tiny (2 player)
Population
200
Speed
Normal
Resources
Standard
Victory
Conquest
Starting age
Dark Age
Ending age
Imperial Age
RankedLock teamsTeams togetherTeam positionsShared explorationLock speedFull tech treeHidden civsTurbo modeCheats
Victory
Defeat
🇲🇽 Vikings · Mexico
1274
+14
🇹🇷 Saracens · Türkiye
1231
-14
materialsublot
6:58 Loom
10:35 Feudal Age
20:07 Fletching
24:52 Castle Age
24:09 Bloodlines
25:20 Scale Barding Armor
25:07 Crossbowman
29:55 Town Watch
33:17 Husbandry
Dicens
7:21 Loom
9:57 Feudal Age
10:03 Man-at-Arms
13:28 Arson
15:03 Double-Bit Axe
17:16 Fletching
18:45 Padded Archer Armor
19:16 Town Watch
23:26 Castle Age
21:23 Horse Collar
21:43 Gold Mining
24:03 Bodkin Arrow
23:31 Long Swordsman
24:13 Squires
24:34 Bow Saw
24:01 Crossbowman
25:04 Leather Archer Armor
24:38 Elite Skirmisher
26:21 Scale Mail Armor
29:09 Chain Mail Armor
29:47 Ballistics
32:46 Forging
34:23 Heavy Plow
Connection lost

Rejoining the realm…

Still unreachable

The connection could not be restored.

Session expired

The server has moved on; the page needs a fresh start.